 Dungeon Crawl Stone Soup version 0.22-a0-348-gd16d1391c7 (webtiles) character file.

55 GordonOverkill the Skirmisher (level 3, -4/33 HPs)
             Began as a Hill Orc Enchanter on Apr 8, 2018.
             Slain by a gnoll
             ... wielding a +0 halberd
              (15 damage)
             ... on level 1 of the Dungeon.
             The game lasted 00:03:52 (2344 turns).

GordonOverkill the Skirmisher (Hill Orc Enchanter)  Turns: 2344, Time: 00:03:53

Health: -4/33      AC:  3    Str: 11    XL:     3   Next: 93%
Magic:  1/5        EV: 11    Int: 15    God:
Gold:   131        SH:  0    Dex: 11    Spells: 4/5 levels left

rFire    . . .     SeeInvis .   a - +1 dagger
rCold    . . .     Gourm    .   (no shield)
rNeg     . . .     Faith    .   k - +0 leather armour (curse)
rPois    .         Spirit   .   (no helmet)
rElec    .         Reflect  .   (no cloak)
rCorr    .         Harm     .   (no gloves)
MR       .....                  (no boots)
Stlth    ++........             (no amulet)
HPRegen  0.11/turn              (no ring)
MPRegen  0.09/turn              (no ring)

@: very slightly contaminated
A: no striking features
a: no special abilities


You were on level 1 of the Dungeon.
You were very hungry.

You visited 1 branch of the dungeon, and saw 2 of its levels.

You collected 131 gold pieces.

Inventory:

Hand Weapons
 a - a +1 dagger (weapon)
Armour
 i - a +0 ring mail
 k - a cursed +0 leather armour (worn)
Jewellery
 m - an uncursed ring of resist corrosion {unknown}
Scrolls
 c - a scroll of remove curse {unknown}
 e - 3 scrolls of fear {unknown}
 h - 3 scrolls of identify {unknown}
 l - a scroll of enchant armour {unknown}
Potions
 b - a potion of heal wounds {unknown}
 f - 3 potions of flight {unknown}
 g - a potion of berserk rage {unknown}
 j - a potion of curing {unknown}
Comestibles
 d - 4 rations


   Skills:
 + Level 4.1 Fighting
 - Level 1.0 Short Blades
 - Level 1.5 Dodging
 - Level 2.4 Stealth
 - Level 1.5 Spellcasting
 - Level 3.0 Hexes


You had 4 spell levels left.
You knew the following spells:

 Your Spells              Type           Power        Failure   Level  Hunger
a - Corona                Hex            ##.....      9%          1    ##.....


Dungeon Overview and Level Annotations

Branches:
Dungeon (2/15)

Altars:


Message History

The gnoll struggles to resist.
The gnoll closely misses you.
Casting: Corona (safe; 9% risk of failure)
Confirm with . or Enter, or press ? or * to list all spells.
Aiming: Corona (safe; 9% risk of failure)
Press: ? - help, Shift-Dir - straight line, f/p - gnoll
Aim: a gnoll, wielding a halberd (chance to defeat MR: 54%)
The gnoll struggles to resist.
Casting: Corona (safe; 9% risk of failure)
Confirm with . or Enter, or press ? or * to list all spells.
Aiming: Corona (safe; 9% risk of failure)
Press: ? - help, Shift-Dir - straight line, f/p - gnoll
Aim: a gnoll, wielding a halberd (chance to defeat MR: 54%)
The gnoll is outlined in light.
The gnoll barely misses you.
You hit the gnoll.
The gnoll is moderately wounded.
The gnoll hits you with a halberd!
You hit the gnoll.
The gnoll is moderately wounded.
The gnoll hits you with a halberd!
You die...

#...#.#.#.#)####.#§....§≈#.#
##..........## #.+.≈§≈≈≈.+.#
##..#.#.#.#..# ###≈≈§.§≈≈###
#............########.####
##...#.#.#.#.....# #.#.#
#.............##.###...#
#..##.#########...##^###
#..##)## #...........#
#..#...###.###@.(.####
###### #..........#.g.#.##
#..... #.##..(#..##...#.##
#####.####
#.###.###.........# #.....#
#.# #.###.#.#.#.#.####.#####
#.###......)...........#
#.........#.#.#.#.######
#########.........#
##.#.#.#.#.###


You could see a gnoll.

Vanquished Creatures
  An adder (D:2)
  An ooze (D:1)
  A dart slug (D:1)
  A leopard gecko (D:1)
  4 giant cockroaches (D:1)
  2 goblins (D:2)
  6 hobgoblins (D:1)
  8 kobolds
  A quokka (D:2)
  2 ball pythons (D:1)
  3 bats (D:1)
  A frilled lizard (D:1)
  5 rats
36 creatures vanquished.

Notes
Turn   | Place    | Note
-------+----------+-------------------------------------------
     0 | D:1      | GordonOverkill the Hill Orc Enchanter began the quest for the Orb.
     0 | D:1      | Reached XP level 1. HP: 14/14 MP: 3/3
    69 | D:1      | Reached skill level 1 in Fighting
   293 | D:1      | Reached skill level 2 in Fighting
   293 | D:1      | Reached XP level 2. HP: 24/24 MP: 4/4
   678 | D:1      | Reached skill level 3 in Fighting
   740 | D:1      | Reached XP level 3. HP: 20/31 MP: 5/5
  1679 | D:2      | Reached skill level 4 in Fighting
  2344 | D:1      | Slain by a gnoll

Vault maps used:
D:1:      ncdulo_lavacross, serial_glass, glass_columns_c, glass_columns_a,
          glass_columns_c, glass_columns_c, glass_columns_a, glass_columns_a,
          glass_columns_a, glass_columns_c, glass_columns_a, glass_columns_a
D:2:      grunt_ministairs_1, nicolae_ru_path_of_blood

Skill      XL: |  1  2  3 |
---------------+----------+-----
Fighting       | 2 3 4 |  4.1
Short Blades   | |  1.0
Dodging        | |  1.5
Stealth        | |  2.4
Spellcasting   | |  1.5
Hexes          | |  3.0

Action                   || total
-------------------------++-------
Melee: Dagger            ||   148
 Cast: Corona            ||    22
  Eat: Chunk             ||     4
Armor: Robe              ||    25
       Leather armour    ||     4
Dodge: Dodged            ||   109

Table legend:
 A = Spawn XP
 B = Non-spawn XP
 C = Spawn XP percentage of total XP
 D = Spawn monster count
 E = Non-spawn monster count
 F = Spawn count percentage of total count
 G = Total turns spent on level
                    A         B        C        D         E        F      G
               +---------+---------+-------+---------+---------+-------+---------
         Total |       0 |      79 |   0.0 |       0 |      36 |   0.0 |  2344
               +---------+---------+-------+---------+---------+-------+---------
           D:1 |       0 |      56 |   0.0 |       0 |      28 |   0.0 |  1748
           D:2 |       0 |      23 |   0.0 |       0 |       8 |   0.0 |   596
               +---------+---------+-------+---------+---------+-------+---------
